 Dungeon Crawl Stone Soup version 0.25.0-9-g26727b657a (webtiles) character file.

Game seed: 11150516288282256056

136 kitty14015 the Cudgeler (level 4, -1/55 HPs)
             Began as a Draconian Skald on June 18, 2020.
             Was an Initiate of Elyvilon.
             Slain by a gnoll
             ... wielding a +0 spear
              (4 damage)
             ... on level 2 of the Dungeon.
             The game lasted 00:07:20 (1938 turns).

kitty14015 the Cudgeler (Draconian Skald)           Turns: 1938, Time: 00:07:20

Health: -1/55      AC: 22    Str: 15    XL:     4   Next: 98%
Magic:  7/7        EV:  2    Int: 13    God:    Elyvilon [......]
Gold:   71         SH:  0    Dex: 10    Spells: 6/7 levels left

rFire    . . .     SeeInvis .   a - +0 mace
rCold    . . .     Gourm    .   (no shield)
rNeg     + + +     Faith    .   (armour unavailable)
rPois    +         Spirit   .   (helmet currently unavailable)
rElec    .         Reflect  .   (cloak currently unavailable)
rCorr    .         Harm     .   (gloves currently unavailable)
MR       .....     NoTele   +   (boots currently unavailable)
Stlth    +.........             (no amulet)
HPRegen  0.18/turn              (no ring)
MPRegen  0.10/turn              (no ring)

@: brilliant, tree-form, infused
A: unfitting armour, AC +5
a: Renounce Religion


You were on level 2 of the Dungeon.
You worshipped Elyvilon.
Elyvilon was noncommittal.
You were not hungry.
You were a tree.
You visited 1 branch of the dungeon, and saw 2 of its levels.

You collected 71 gold pieces.

Inventory:

Hand Weapons
 a - a +0 mace (weapon)
Missiles
 k - 10 poisoned darts (quivered)
Armour
 g - a +0 cloak (melded)
Scrolls
 f - a scroll of immolation {unknown}
 h - a scroll of noise {unknown}
 i - a scroll of remove curse {unknown}
 j - a scroll of identify {unknown}
Comestibles
 c - a ration
 l - 2 chunks of flesh


   Skills:
 + Level 2.8 Fighting
 + Level 3.4 Maces & Flails
 + Level 3.3 Dodging
 + Level 2.1 Spellcasting
 + Level 3.1 Charms


You had 6 spell levels left.
You knew the following spells:

 Your Spells              Type           Power        Failure   Level  Hunger
a - Infusion              Chrm           ##..         7%          1    None

Your spell library contained the following spells:

 Spells                   Type           Power        Failure   Level  Hunger
 Song of Slaying          Chrm           ##......     11%         2    None
 Shroud of Golubria       Chrm/Tloc      #.....       21%         2    None
 Ozocubu's Armour         Chrm/Ice       #.......     36%         3    None
 Spectral Weapon          Hex/Chrm       #.......     36%         3    None


Dungeon Overview and Level Annotations

Branches:
Dungeon (2/15)

Altars:
Elyvilon


Innate Abilities, Weirdness & Mutations

((Your plain brown scales are hard. (AC +5)))
You cannot fit into any form of body armour.
((You are cold-blooded and may be slowed by cold attacks.))


Message History

You cannot move.
You cannot move.
As you read the scroll labeled ZOMUOC TULL, it crumbles to dust.
You feel a strange sense of stasis.
It was a scroll of teleportation.
The gnoll hits you from afar with a +0 spear.
* * * LOW HITPOINT WARNING * * *
The gnoll hits you from afar with a +0 spear.
* * * LOW HITPOINT WARNING * * *
The gnoll hits you but does no damage. The gnoll hits you but does no damage.
The gnoll hits you but does no damage. The gnoll barely misses you.
The gnoll hits you but does no damage. The gnoll hits you but does no damage.
The gnoll hits you but does no damage. The gnoll hits you but does no damage.
The gnoll barely misses you. The gnoll hits you but does no damage.
The gnoll hits you from afar with a +0 spear.
You die...

#<##.# ##.......... #
#....# ##........).. #.
#.#### #............ #.#
###.# #............
#..##...# #.......⌠..⌠.
....#.# #........≈≈..
##..#.# #........≈§..
#...#r#######.......⌠..⌠.
#.#..gg)♣...#............
#g.##.########............
#..###...###
###........... gr.#
###...###.##..........
..## ###.##..###.........
..(. #.....#.##........
.(. #..##....##....... ..
#.######..####''## ...#
#.##.#...##


You could see 2 gnolls and a quokka.

Vanquished Creatures
  A howler monkey (D:2)
  2 gnolls
  2 adders (D:2)
  2 worms (D:2)
  A dart slug (D:2)
  2 leopard geckos
  4 giant cockroaches
  3 goblins
  4 hobgoblins (D:1)
  8 kobolds
  A quokka (D:2)
  2 ball pythons
  9 bats
  2 frilled lizards
  2 rats (D:1)
45 creatures vanquished.

Notes
Turn   | Place    | Note
-------+----------+-------------------------------------------
     0 | D:1      | kitty14015 the Draconian Skald began the quest for the Orb.
     0 | D:1      | Reached XP level 1. HP: 17/17 MP: 3/3
   257 | D:1      | Reached XP level 2. HP: 21/24 MP: 5/5
   677 | D:1      | Reached XP level 3. HP: 15/30 MP: 6/6
   910 | D:2      | Found a white marble altar of Elyvilon.
   922 | D:2      | Became a worshipper of Elyvilon the Healer
  1443 | D:2      | Reached XP level 4. HP: 36/37 MP: 7/7
  1926 | D:2      | HP: 1/55 [gnoll/+0 spear (4)]
  1938 | D:2      | Slain by a gnoll

Illustrated notes

Levels and vault maps discovered:
D:1:      minmay_arrival_diagonal_passages, layout_basic,
          chequers_serial_rivers_small_b
D:2:      kennysheep_big_flooded_room, layout_rooms, zin_statuary,
          lemuel_coloured_pillars_altar

Skill      XL: |  1  2  3  4 |
---------------+-------------+-----
Charms         | 3 |  3.1
Dodging        | 3 |  3.3
Maces & Flails | 3 |  3.4
Fighting       | |  2.8
Spellcasting   | |  2.1

Action                   |  1- 3 |  4- 6 || total
-------------------------+-------+-------++-------
Melee: Mace              |   117 |    59 ||   176
       Tailslap          |    10 |     3 ||    13
Throw: Dart              |       |     4 ||     4
 Cast: Infusion          |     1 |     1 ||     2
  Use: Potion            |       |     2 ||     2
       Scroll            |       |     1 ||     1
  Eat: Chunk             |     2 |       ||     2
       Ration            |       |     1 ||     1
Armor: Skin              |    75 |    27 ||   102
Dodge: Dodged            |   154 |    56 ||   210
